 Dungeon Crawl Stone Soup version 0.28.0-47-ge53b351184 (webtiles) character file.

Game seed: 4024696047501985569

445 croobank the Firebug (level 7, -3/50 HPs)
             Began as a Gnoll Fire Elementalist on Apr 26, 2022.
             Killed from afar by Sigmund (8 damage)
             ... with a puff of flame
             ... on level 5 of the Dungeon.
             The game lasted 00:13:19 (4799 turns).

croobank the Firebug (Gnoll Fire Elementalist)      Turns: 4799, Time: 00:13:20

Health: -3/50      AC:  2    Str:  7    XL:     7   Next: 3%
Magic:  8/15       EV: 17    Int: 23    God:
Gold:   249        SH:  0    Dex: 12    Spells: 7/17 levels left

rFire   . . .      SeeInvis +   a - +8 flail "Killer Bee's Curse" {vorpal, rElec rC+ SInv}
rCold   + . .      Faith    .   (no shield)
rNeg    . . .      Spirit   .   j - +0 robe
rPois   .          Reflect  .   (no helmet)
rElec   +          Harm     .   (no cloak)
rCorr   .          Rampage  .   (no gloves)
Will    .....                   (no boots)
Stlth   +.........              (no amulet)
HPRegen 0.16/turn               k - +4 ring of evasion
MPRegen 0.14/turn               w - +6 ring of intelligence

@: lit by a corona, glowing
A: fangs 1, strong nose, distributed training
a: no special abilities


You were on level 5 of the Dungeon.
You visited 1 branch of the dungeon, and saw 5 of its levels.

You collected 249 gold pieces.

Inventory:

Hand Weapons
 a - the +8 flail "Killer Bee's Curse" (weapon) {vorpal, rElec rC+ SInv}
   (You found it on level 3 of the Dungeon)

   It inflicts extra damage upon your enemies.
   rC:        It protects you from cold.
   rElec:     It insulates you from electricity.
   SInv:      It lets you see invisible.
Missiles
 b - 66 arrows
 e - 91 stones (quivered)
 h - 3 javelins
 i - 2 curare-tipped darts
 s - 6 poisoned darts
 v - 11 bolts
Armour
 j - a +0 robe (worn)
 q - a +0 ring mail
Jewellery
 k - a +4 ring of evasion (left hand)
 t - a +6 ring of dexterity
 w - a +6 ring of intelligence (right hand)
Wands
 l - a wand of polymorph (6)
 m - a wand of flame (9)
Scrolls
 c - a scroll of enchant weapon
 n - a scroll of vulnerability {unknown}
 r - 2 scrolls of teleportation
 u - a scroll of summoning {unknown}
Potions
 d - 3 potions of haste
 f - a potion of heal wounds
 g - a potion of cancellation
 o - 2 potions of resistance {unknown}
 p - 2 potions of magic {unknown}


   Skills:
 + Level 2.2 Fighting
 + Level 2.2 Short Blades
 + Level 2.2 Long Blades
 + Level 2.2 Axes
 + Level 2.2 Maces & Flails
 + Level 2.2 Polearms
 + Level 2.2 Staves
 + Level 2.2 Slings
 + Level 2.2 Bows
 + Level 2.2 Crossbows
 + Level 2.2 Throwing
 + Level 2.2 Armour
 + Level 5.1 Dodging
 + Level 4.7 Stealth
 + Level 2.2 Shields
 + Level 2.2 Unarmed Combat
 + Level 5.5 Spellcasting
 + Level 2.8 Conjurations
 + Level 1.8 Hexes
 + Level 1.8 Summonings
 + Level 1.8 Necromancy
 + Level 1.8 Translocations
 + Level 1.8 Transmutations
 + Level 5.7 Fire Magic
 + Level 1.8 Ice Magic
 + Level 1.8 Air Magic
 + Level 1.8 Earth Magic
 + Level 1.8 Poison Magic
 + Level 2.4 Invocations
 + Level 2.2 Evocations


You had 7 spell levels left.
You knew the following spells:

 Your Spells              Type           Power      Damage    Failure   Level
a - Foxfire               Conj/Fire      100%       2x1d9     1%          1
b - Scorch                Fire           64%        2d8       1%          2
c - Flame Wave            Conj/Fire      26%        2d7       16%         4
d - Frozen Ramparts       Ice            28%        1d4       13%         3

Your spell library contained the following spells:

 Spells                   Type           Power      Damage    Failure   Level
 Freeze                   Ice            56%        1d7       4%          1
 Conjure Flame            Conj/Fire      26%        6-21      4%          3
 Inner Flame              Hex/Fire       23%        N/A       6%          3
 Hailstorm                Conj/Ice       16%        3d6       34%         4


Dungeon Overview and Level Annotations

Branches:
Dungeon (5/15)
 Temple: D:4-7

Altars:
Qazlal
Sif Muna

Shops:
D:2 (   D:3 =

Annotations:
D:5 Sigmund


Innate Abilities, Weirdness & Mutations

You have very sharp teeth.
Your uncanny sense of smell can sniff out nearby items.
Your experience applies equally to all skills.


Message History

A wave of flame ripples out!
The flame wave engulfs the orc.
The orc is moderately wounded.
The flame wave engulfs the necrophage!
The necrophage is heavily damaged. (Press . to intensify the flame waves.) Sigmund shouts!
You hear a shout! x2
The centaur shoots an arrow.
The arrow closely misses you.
The arrow hits the necrophage!
The necrophage is destroyed!
The orc hits you with a +0 dagger.
Sigmund points at you and mumbles some strange words.
The puff of flame hits you!
Your life force feels restored.
You have reached level 7!
A wave of flame ripples out!
The flame wave engulfs the orc.
The orc is heavily wounded.
The flame wave engulfs the orc wizard!
The orc wizard is heavily wounded.
The flame wave engulfs the orc!
You kill the orc!
The centaur shoots an arrow.
The arrow hits you! The orc hits you but does no damage.
The gnoll shaman calls down the wrath of its god upon you.
You are outlined in light.
The centaur shoots an arrow.
The arrow hits you!
* * * LOW HITPOINT WARNING * * *
A wave of flame ripples out!
The flame wave engulfs the orc wizard.
The orc wizard is almost dead.
The flame wave engulfs the orc.
You kill the orc!
The flame wave engulfs the centaur.
The centaur is moderately wounded.
The flame wave engulfs the orc!
You kill the orc!
You finish channelling waves of flame.
You hear a bark!
The centaur shoots an arrow.
The arrow hits you.
* * * LOW HITPOINT WARNING * * *
Sigmund gestures at you while chanting. The puff of flame hits you!
You die...

... #... ..#
...###..# ....
........###..#
.............#.
#>.g...........
#..............
#...c.......#
#......@o...#
.......)†[.....
.#....##.)...##
#.... ..)...#
..... .....##
##@## ..#...#
#.. <.##... ##
.## ...


You could see Sigmund, a centaur, a gnoll shaman and an orc wizard.

Vanquished Creatures
  A necrophage (D:4)
  A bullfrog (D:4)
  A jelly (D:4)
  3 orc wizards (D:3)
  6 adders
  2 adder skeletons (D:4)
  A worm (D:2)
  3 dart slugs
  8 orcs
  5 ball pythons
  2 endoplasms
  4 giant cockroaches
  8 goblins
  8 hobgoblins
  7 jackals
  4 kobolds
  2 quokkas
  8 bats
  6 frilled lizards (D:3)
  7 rats
87 creatures vanquished.

Vanquished Creatures (collateral kills)
  A foxfire (D:4)
1 creature vanquished.

Vanquished Creatures (others)
  A necrophage (D:5)
  An orc wizard (D:5)
  95 foxfires
  A plant (D:4)
98 creatures vanquished.

Grand Total: 186 creatures vanquished

Notes
Turn   | Place    | Note
-------+----------+-------------------------------------------
     0 | D:1      | croobank the Gnoll Fire Elementalist began the quest for
                  | the Orb.
     0 | D:1      | Reached XP level 1. HP: 13/13 MP: 6/6
   413 | D:1      | Reached XP level 2. HP: 19/19 MP: 5/7
   898 | D:1      | Learned a level 2 spell: Scorch
   904 | D:1      | Reached XP level 3. HP: 25/25 MP: 1/9
  1113 | D:1      | Reached skill level 5 in Spellcasting
  1227 | D:1      | You fall into a shaft and drop 1 floor!
  1636 | D:2      | Reached skill level 1 in Invocations
  1910 | D:2      | Found Ruafom's Weapon Shoppe.
  1916 | D:2      | Reached skill level 1 in Fighting
  1916 | D:2      | Reached skill level 1 in Short Blades
  1916 | D:2      | Reached skill level 1 in Long Blades
  1916 | D:2      | Reached skill level 1 in Axes
  1916 | D:2      | Reached skill level 1 in Maces & Flails
  1916 | D:2      | Reached skill level 1 in Polearms
  1916 | D:2      | Reached skill level 1 in Staves
  1916 | D:2      | Reached skill level 1 in Slings
  1916 | D:2      | Reached skill level 1 in Bows
  1916 | D:2      | Reached skill level 1 in Crossbows
  1916 | D:2      | Reached skill level 1 in Throwing
  1916 | D:2      | Reached skill level 1 in Armour
  1916 | D:2      | Reached skill level 1 in Shields
  1916 | D:2      | Reached skill level 1 in Unarmed Combat
  1916 | D:2      | Reached skill level 1 in Evocations
  1918 | D:2      | Reached XP level 4. HP: 32/32 MP: 3/11
  2442 | D:3      | Reached skill level 1 in Hexes
  2442 | D:3      | Reached skill level 1 in Summonings
  2442 | D:3      | Reached skill level 1 in Necromancy
  2442 | D:3      | Reached skill level 1 in Translocations
  2442 | D:3      | Reached skill level 1 in Transmutations
  2442 | D:3      | Reached skill level 1 in Ice Magic
  2442 | D:3      | Reached skill level 1 in Air Magic
  2442 | D:3      | Reached skill level 1 in Earth Magic
  2442 | D:3      | Reached skill level 1 in Poison Magic
  2462 | D:3      | Identified the +8 flail "Killer Bee's Curse" {vorpal, rElec
                  | rC+ SInv}
  2601 | D:3      | Found Rego Disaf's Jewellery Shoppe.
  2633 | D:3      | Reached XP level 5. HP: 28/37 MP: 3/12
  3328 | D:4      | Learned a level 4 spell: Flame Wave
  3332 | D:4      | Learned a level 3 spell: Frozen Ramparts
  3528 | D:4      | Reached XP level 6. HP: 34/44 MP: 11/14
  3657 | D:4      | Found a shimmering blue altar of Sif Muna.
  4110 | D:4      | Noticed a necrophage
  4115 | D:4      | Killed a necrophage
  4116 | D:4      | Reached skill level 5 in Dodging
  4327 | D:4      | Found a stormy altar of Qazlal.
  4653 | D:5      | Entered Level 5 of the Dungeon
  4653 | D:5      | Noticed Sigmund
  4653 | D:5      | Noticed a necrophage
  4797 | D:5      | Killed a necrophage
  4798 | D:5      | Reached XP level 7. HP: 32/50 MP: 10/15
  4799 | D:5      | Killed from afar by Sigmund

Illustrated notes

Levels and vault maps discovered:
D:1:      sevenhm_arrival_forest_fort_small_4, layout_basic,
          minmay_misc_feat_iff
D:2:      layout_basic, serial_shops, nicolae_shop_bloodbath_and_beyond
D:3:      layout_basic, serial_shops, shop, minmay_misc_feat_square
D:4:      layout_loops_ring, led_sif_book, lemuel_round_altar,
          serial_bayou_ford_a, minmay_circle_x
D:5:      layout_cave_pools, mainiacjoe_overflow_paths,
          mainiacjoe_overflow_six_doors_small, gammafunk_temple_overflow_statue,
          serial_shops, nicolae_square_shop, uniq_sigmund

Skill      XL: |  1  2  3  4  5  6 |
---------------+-------------------+-----
Conjurations   | 2 |  2.8
Spellcasting   | 5 |  5.5
Invocations    | 1 2 |  2.4
Fighting       | 1 2 |  2.2
Short Blades   | 1 2 |  2.2
Long Blades    | 1 2 |  2.2
Axes           | 1 2 |  2.2
Maces & Flails | 1 2 |  2.2
Polearms       | 1 2 |  2.2
Staves         | 1 2 |  2.2
Slings         | 1 2 |  2.2
Bows           | 1 2 |  2.2
Crossbows      | 1 2 |  2.2
Throwing       | 1 2 |  2.2
Armour         | 1 2 |  2.2
Shields        | 1 2 |  2.2
Unarmed Combat | 1 2 |  2.2
Evocations     | 1 2 |  2.2
Hexes          | 1 |  1.8
Summonings     | 1 |  1.8
Necromancy     | 1 |  1.8
Translocations | 1 |  1.8
Transmutations | 1 |  1.8
Ice Magic      | 1 |  1.8
Air Magic      | 1 |  1.8
Earth Magic    | 1 |  1.8
Poison Magic   | 1 |  1.8
Dodging        | 5 |  5.1
Stealth        | |  4.7
Fire Magic     | |  5.7

Action                   |  1- 3 |  4- 6 |  7- 9 || total
-------------------------+-------+-------+-------++-------
Melee: Unarmed           |    15 |     1 |       ||    16
       Bite              |     2 |     1 |       ||     3
       Flail             |       |    26 |       ||    26
       Punch             |       |     2 |       ||     2
Throw: Dart              |       |     2 |       ||     2
       Stone             |       |     1 |       ||     1
 Cast: Foxfire           |    30 |    30 |       ||    60
       Scorch            |    20 |    26 |       ||    46
       Flame Wave        |       |     1 |       ||     1
  Use: Scroll            |     5 |     5 |       ||    10
       Potion            |       |     1 |       ||     1
 Stab: Sleeping          |       |     2 |       ||     2
Armor: Robe              |     3 |    11 |     1 ||    15
Dodge: Dodged            |    16 |    33 |       ||    49
